 Dungeon Crawl Stone Soup version 0.27-a0-577-ge2a43ba0c9 (webtiles) character file.

Game seed: 7498216014239981008

435 pkoi the Cleaver (level 6, -5/50 HPs)
             Began as a Minotaur Gladiator on Mar 9, 2021.
             Slain by an iguana (9 damage)
             ... on level 5 of the Dungeon.
             The game lasted 00:03:03 (4987 turns).

pkoi the Cleaver (Minotaur Gladiator)               Turns: 4987, Time: 00:03:04

Health: -5/50      AC:  7    Str: 20    XL:     6   Next: 68%
Magic:  5/5        EV: 13    Int:  5    God:
Gold:   182        SH:  0    Dex: 18    Spells: 5/5 levels left

rFire    . . .     SeeInvis .   a - +0 war axe
rCold    . . .     Faith    .   (no shield)
rNeg     . . .     Spirit   .   b - +0 leather armour
rPois    .         Reflect  .   c - +1 hat
rElec    .         Harm     .   (no cloak)
rCorr    .         Rampage  .   (no gloves)
Will     .....                  q - +2 pair of boots
Stlth    +.........             (no amulet)
HPRegen  0.16/turn              s - +6 ring of dexterity
MPRegen  0.09/turn              k - ring of flight

@: no status effects
A: horns 2, retaliatory headbutt
a: Evoke Flight


You were on level 5 of the Dungeon.
You visited 1 branch of the dungeon, and saw 5 of its levels.

You collected 182 gold pieces.

Inventory:

Hand Weapons
 a - a +0 war axe (weapon)
Missiles
 d - 4 throwing nets (quivered)
Armour
 b - a +0 leather armour (worn)
 c - a +1 hat (worn)
 q - a +2 pair of boots (worn)
Jewellery
 k - a ring of flight (right hand)
 r - a +6 ring of intelligence
 s - a +6 ring of dexterity (left hand)
Wands
 v - a wand of charming (8)
Scrolls
 f - 4 scrolls of teleportation
 g - 3 scrolls of identify
 m - a scroll of fog
 o - 2 scrolls of magic mapping
Potions
 e - 5 potions of lignification {unknown}
 i - 4 potions of curing
 j - 3 potions of brilliance {unknown}
 l - 2 potions of mutation {unknown}
 n - a potion of attraction
 p - a potion of ambrosia
 u - a potion of haste
 w - 3 potions of flight {unknown}
 x - a potion of invisibility


   Skills:
 - Level 2.4 Fighting
 + Level 9.2 Axes
 - Level 2.0 Throwing
 - Level 3.2 Dodging


You had 5 spell levels left.
You didn't know any spells.
Your spell library contained the following spells:

 Spells                   Type           Power      Damage    Failure   Level
 Freeze                   Ice            0%         1d3       54%         1
 Frozen Ramparts          Ice            0%         1d2       88%         3
 Ozocubu's Armour         Ice            0%         N/A       88%         3
 Hailstorm                Conj/Ice       0%         3d3       99%         4
 Summon Ice Beast         Ice/Summ       0%         N/A       99%         4


Dungeon Overview and Level Annotations

Branches:
Dungeon (5/15)
 Temple: D:4-7

Altars:
Ashenzari
Fedhas


Innate Abilities, Weirdness & Mutations

You have a pair of horns on your head.
You reflexively headbutt those who attack you in melee.


Message History

You see here a potion of curing.
i - 4 potions of curing (gained 1)
You hit the two-headed ogre. You headbutt the two-headed ogre!
The two-headed ogre is moderately wounded.
The two-headed ogre barely misses you. The two-headed ogre closely misses you.
You hit the two-headed ogre but do no damage.
The two-headed ogre is moderately wounded.
The two-headed ogre hits you with a +0 dire flail!
The two-headed ogre barely misses you.
You hit the two-headed ogre. You headbutt the two-headed ogre.
The two-headed ogre is moderately wounded.
The two-headed ogre barely misses you.
The two-headed ogre hits you with a +0 dire flail.
You hit the two-headed ogre.
The two-headed ogre is moderately wounded.
The two-headed ogre barely misses you. x2
You hit the two-headed ogre.
You headbutt the two-headed ogre, but do no damage.
The two-headed ogre is heavily wounded.
You hit the two-headed ogre but do no damage.
You headbutt the two-headed ogre!
The two-headed ogre is severely wounded.
The two-headed ogre hits you with a +0 dire flail!!
The two-headed ogre misses you.
An iguana comes into view.
You hit the two-headed ogre.
Your headbutt misses the two-headed ogre.
The two-headed ogre is severely wounded.
The two-headed ogre hits you but does no damage.
The two-headed ogre closely misses you.
You hit the two-headed ogre.
The two-headed ogre is almost dead.
The two-headed ogre barely misses you. The two-headed ogre misses you.
You hit the two-headed ogre.
The two-headed ogre is almost dead.
You hit the iguana but do no damage.
The two-headed ogre hits you with a +0 dire flail!
* * * LOW HITPOINT WARNING * * *
The two-headed ogre closely misses you. The iguana bites you!
You die...

#......###.#,**,,,..,
###.....# #.##**..,#.#
##.......# #..###.#*#..
#........###..#...# #..
*............##...* #..
####.......##.....####..
****#..........##.##.....##.
*,,,........##....##...†....
**,,,,,,*#.O@...........)...#
**,,,,......l#...............#
*,,,,,...#...#................
**,,,,.,......................
*****#....##.##.............#
###..#..........#......#
##..?#####..###......#
*,...,**,...# #......$
**..#,,,,,,.#***,**,,*


You could see a two-headed ogre and an iguana.

Vanquished Creatures
  A sky beast (D:5)
  A scorpion (D:4)
  A hound (D:4)
  2 worker ants
  Terence (D:2)
  3 gnolls
  6 adders
  A river rat (D:4)
  An ooze (D:1)
  An adder zombie (D:5)
  3 worms
  2 dart slugs
  7 leopard geckos
  4 orcs
  10 bats
  4 giant cockroaches
  2 goblins
  7 hobgoblins
  11 kobolds
  A ball python (D:3)
  3 frilled lizards
  A giant cockroach zombie (D:5)
  6 rats
79 creatures vanquished.

Notes
Turn   | Place    | Note
-------+----------+-------------------------------------------
     0 | D:1      | pkoi the Minotaur Gladiator began the quest for the Orb.
     0 | D:1      | Reached XP level 1. HP: 18/18 MP: 0/0
   162 | D:1      | Reached skill level 4 in Axes
   181 | D:1      | Reached XP level 2. HP: 19/25 MP: 1/1
   917 | D:1      | Reached skill level 5 in Axes
   998 | D:1      | Reached XP level 3. HP: 30/30 MP: 2/2
  1178 | D:2      | Found a broken altar of Ashenzari.
  1571 | D:2      | Reached skill level 6 in Axes
  1571 | D:2      | Reached XP level 4. HP: 11/37 MP: 3/3
  2006 | D:2      | Noticed Terence
  2015 | D:2      | Killed Terence
  2929 | D:3      | Found a broken altar of Ashenzari.
  3004 | D:2      | Reached skill level 7 in Axes
  3004 | D:2      | Reached XP level 5. HP: 16/42 MP: 4/4
  4216 | D:4      | Found a blossoming altar of Fedhas.
  4393 | D:4      | Reached skill level 8 in Axes
  4629 | D:4      | Reached XP level 6. HP: 44/50 MP: 5/5
  4776 | D:5      | Entered Level 5 of the Dungeon
  4789 | D:5      | Noticed a sky beast
  4797 | D:5      | Killed a sky beast
  4798 | D:5      | Reached skill level 9 in Axes
  4975 | D:5      | Noticed a two-headed ogre
  4987 | D:5      | Slain by an iguana

Illustrated notes

Levels and vault maps discovered:
D:1:      minmay_arrival_loop, layout_loops_cross
D:2:      layout_basic, overflow_temple_1_default, uniq_terence
D:3:      layout_basic, nicolae_ashenzari_panopticon
D:4:      layout_gridville, fedhas_ov_isle_minmay, gup_sewer_entry_spiral
D:5:      black_bear_nest_2, layout_cave_pools, basic_altar, uniq_sigmund

Skill      XL: |  1  2  3  4  5  6 |
---------------+-------------------+-----
Axes           | 4 5 6 7 8 9 |  9.2
Fighting       | |  2.4
Throwing       | |  2.0
Dodging        | |  3.2

Action                   |  1- 3 |  4- 6 || total
-------------------------+-------+-------++-------
Melee: War axe           |    76 |   128 ||   204
       Headbutt          |    12 |    25 ||    37
  Use: Scroll            |       |     9 ||     9
 Stab: Sleeping          |     1 |       ||     1
Armor: Leather armour    |    24 |    27 ||    51
Dodge: Dodged            |    49 |    81 ||   130

Table legend: (Time is in decaauts)
 A = Elapsed time spent in this place.
 B = Non-inter-level travel time spent in this place.
 C = Inter-level travel time spent in this place.
 D = Time resting spent in this place.
 E = Time spent auto-exploring this place.
 F = Levels seen in this place.
 G = Mean time per level.
                   A        B        C        D        E       F      G
               +--------+--------+--------+--------+--------+-----+--------+
         Total |   5059 |   4983 |     76 |    882 |   3517 |   5 | 1011.8 |
       Dungeon |   5059 |   4983 |     76 |    882 |   3517 |   5 | 1011.8 |
               +--------+--------+--------+--------+--------+-----+--------+

Top non-repeatable levels by time:
     D:2: 1600 daAuts
     D:3: 1112 daAuts
     D:1: 1107 daAuts
     D:4: 1027 daAuts
     D:5: 211 daAuts
